 Dungeon Crawl Stone Soup version 0.20-a0-903-g7e3609c (webtiles) character file.

992 Goblin1989 the Twirler (level 8, 0/48 HPs)
             Began as a Kobold Gladiator on Mar 22, 2017.
             Was the Champion of Uskayaw.
             Succumbed to a scorpion's poison
             ... on level 5 of the Dungeon.
             The game lasted 00:06:45 (3685 turns).

Goblin1989 the Twirler (Kobold Gladiator)           Turns: 3685, Time: 00:06:45

Health: 0/48       AC: 11    Str: 18    XL:     8   Next: 42%
Magic:  8/8        EV: 21    Int:  9    God:    Uskayaw [******]
Gold:   125        SH:  0    Dex: 22    Spells: 7/7 levels left

rFire    . . .     SeeInvis .   b - +2 quarterstaff (chaos)
rCold    . . .     Gourm    .   q - +0 scale mail
rNeg     . . .     Faith    .   (shield currently unavailable)
rPois    .         Spirit   .   h - +2 helmet
rElec    .         Reflect  .   c - +0 cloak
rCorr    .         Harm     .   (no gloves)
MR       .....                  (no boots)
Stlth    +++.......             (no amulet)
Regen    0.2/turn               (no ring)
MPRegen  0.2/turn               x - ring of stealth

@: mighty, agile, lethally poisoned (0 -> -11)
A: carnivore 3
a: Stomp, Line Pass, Grand Finale, Renounce Religion


You were on level 5 of the Dungeon.
You worshipped Uskayaw.
Uskayaw was noncommittal.
You were very full.

You visited 1 branch of the dungeon, and saw 5 of its levels.

You collected 125 gold pieces.

Inventory:

Hand Weapons
 a - a +0 quarterstaff
 b - a +2 quarterstaff of chaos (weapon)
Missiles
 Z - 3 throwing nets (quivered) {!d, =f}
Armour
 c - a +0 cloak (worn)
 h - a +2 helmet (worn)
 q - a +0 scale mail (worn)
Jewellery
 x - a ring of stealth (left hand)
Scrolls
 e - a scroll of immolation {unknown}
 g - 3 scrolls of recharging {unknown}
 i - a scroll of enchant armour {unknown}
 l - a scroll of blinking {unknown}
 m - 2 scrolls of enchant weapon {unknown}
 n - a scroll of noise {unknown}
 r - a scroll of remove curse {unknown}
 t - a scroll of teleportation {unknown}
 v - a scroll of identify {unknown}
Potions
 d - 2 potions of might
Comestibles
 f - 2 meat rations {@e2}
 u - 2 royal jellies


   Skills:
 + Level 4.4 Fighting
 * Level 6.7 Staves
 - Level 2.1 Throwing
 + Level 2.9 Armour
 + Level 5.3 Dodging


You had 7 spell levels left.
You didn't know any spells.

Dungeon Overview and Level Annotations

Branches:
Dungeon (5/15)             Temple (0/1) D:5

Altars:
Elyvilon
Gozag
Makhleb
Sif Muna
Trog
Uskayaw
Zin

Shops:
D:2 *


Innate Abilities, Weirdness & Mutations

You are small and have problems with some larger weapons.
You are carnivorous and can eat meat at any time.


Message History

The orc priest closely misses you.
The worker ant waves its antennae.
Blork the orc closely misses you.
You hit the orc priest.
The orc priest is almost dead.
The orc priest hits you with a mace of protection.
Blork the orc completely misses you.
A scorpion comes into view.
You take 1 damage, and have 23/48 hp.
You hit the orc priest.
Lightning courses through the orc priest!
You kill the orc priest!
Blork the orc hits you but does no damage.
You sock the crocodile!
The crocodile is poisoned.
The crocodile is heavily wounded.
The crocodile closely misses you. Blork the orc completely misses you.
You are too injured to fight recklessly!
You are too injured to fight recklessly!
You barely miss the crocodile.
The crocodile is heavily wounded.
The crocodile closely misses you.
You closely miss the crocodile.
The crocodile is heavily wounded.
Blork the orc hits you with a short sword of freezing.
Blork the orc freezes you.
* * * LOW HITPOINT WARNING * * *
The crocodile bites you.
* * * LOW HITPOINT WARNING * * *
You take 8 damage, and have 16/48 hp.
You sock the crocodile! You freeze the crocodile.
You kill the crocodile!
Blork the orc hits you but does no damage.
Unknown command.
You thump Blork the orc! You freeze Blork the orc.
Blork the orc is moderately wounded.
Blork the orc hits you with a short sword of freezing.
* * * LOW HITPOINT WARNING * * *
Blork the orc freezes you.
* * * LOW HITPOINT WARNING * * *
You take 2 damage, and have 14/48 hp.
You sock Blork the orc!
Blork the orc is severely wounded.
Blork the orc closely misses you.
Your scale mail prevents you from hitting Blork the orc.
Blork the orc is severely wounded.
Blork the orc drinks a potion.
Blork the orc is healed!
You sock Blork the orc!
You kill Blork the orc!
The worker ant misses you.
You closely miss the worker ant.
The worker ant bites you but does no damage.
You sock the worker ant!
The worker ant seems to speed up.
The worker ant is heavily wounded.
The worker ant completely misses you. x2
You sock the worker ant!
The worker ant suddenly stops moving!
The worker ant is almost dead.
The helpless worker ant fails to defend itself.
You bludgeon the worker ant!!
You kill the worker ant!
You hit the scorpion.
The scorpion flickers and vanishes!
Something stings you but does no damage.
You hit something. You freeze something. Something stings you.
* * * LOW HITPOINT WARNING * * *
You are poisoned.
Something poisons you!
You take 5 damage, and have 10/48 hp.
You completely miss something.
You feel sick.
Something stings you but does no damage.
You thump something! You freeze something.
You feel sick. Something stings you.
* * * LOW HITPOINT WARNING * * *
You are lethally poisoned!
Something poisons you!
You take 4 damage, and have 6/48 hp.
You barely miss something.
* * * LOW HITPOINT WARNING * * *
You feel sick.
Something stings you but does no damage.
You take 1 damage, and have 5/48 hp.
You sock something!
Reactivating autopickup.
You feel a bit more experienced.
* * * LOW HITPOINT WARNING * * *
You feel sick.
You take 1 damage, and have 4/48 hp.
* * * LOW HITPOINT WARNING * * *
You feel sick.
Things that are here:
a short sword of freezing; a robe; a worker ant corpse You take 2 damage, and have 2/48 hp.
Okay, then.
As you read the scroll labeled ANAANNIEHE, it crumbles to dust.
Your +2 quarterstaff of chaos glows brilliant green for a moment.
It was a scroll of random uselessness.
* * * LOW HITPOINT WARNING * * *
You feel sick.
You take 1 damage, and have 1/48 hp.
As you read the scroll labeled BAYDUA SEODENT, it crumbles to dust.
You feel aware of your surroundings.
You sensed 2 altars.
It was a scroll of magic mapping.
You die...

▓ ███████▓ ▓
▓▓█......█████████
▓▓▓▓····▓▓█....)@)).███████
▓·······▓
█████████.......██
▓·▓▓····▓ ███████..████
··▓▓▓▓··▓▓ ██....█ ··▓▓
▓▓··▓ ████.█ ···▓ ▓▓·▓▓▓
█████.█ ▓
·▓·▓▓▓▓▓···▓▓▓▓▓▓▓▓▓▓▓
█.....███
·····▓▓··············▓
█....<...
··▓▓··▓··········▓▓▓·▓▓
█.......≈


There were no monsters in sight!

Vanquished Creatures
  An ice beast (D:5)
  A centaur (shapeshifter) (D:3)
  2 ogres (D:5)
  A crocodile (D:5)
  Blork the orc (D:5)
  A scorpion (D:5)
  2 hounds (D:5)
  2 orc priests
  Crazy Yiuf (D:2)
  A bullfrog skeleton (D:5)
  Jessica (D:2)
  Ijyb (D:2)
  2 orc wizards
  2 worker ants (D:5)
  4 adders
  An ooze (D:2)
  An adder skeleton (D:4)
  2 worms
  A dart slug (D:1)
  A leopard gecko (D:1)
  12 orcs
  4 bats
  4 giant cockroaches
  12 goblins
  8 hobgoblins
  2 jackals (D:1)
  3 quokkas (D:2)
  A frilled lizard (D:3)
  6 kobolds
  7 rats
88 creatures vanquished.

Notes
Turn   | Place    | Note
-------+----------+-------------------------------------------
     0 | D:1      | Goblin1989 the Kobold Gladiator began the quest for the Orb.
     0 | D:1      | Reached XP level 1. HP: 12/12 MP: 1/1
   116 | D:1      | Reached skill level 3 in Staves
   161 | D:1      | Reached XP level 2. HP: 17/17 MP: 2/2
   560 | D:1      | Reached XP level 3. HP: 21/21 MP: 3/3
   873 | D:2      | Found a hide-covered altar of Uskayaw.
   879 | D:2      | Became a worshipper of Uskayaw the Reveler
   884 | D:2      | Reached * piety under Uskayaw
   893 | D:2      | Reached ** piety under Uskayaw
   945 | D:2      | Reached skill level 4 in Staves
  1050 | D:2      | Found a deep blue altar of Sif Muna.
  1146 | D:2      | Noticed Ijyb
  1160 | D:2      | Killed Ijyb
  1160 | D:2      | Reached XP level 4. HP: 25/26 MP: 4/4
  1231 | D:2      | Found a runed door.
  1405 | D:2      | Noticed Jessica
  1411 | D:2      | Killed Jessica
  1411 | D:2      | Reached XP level 5. HP: 18/30 MP: 5/5
  1683 | D:2      | Found a bloodstained altar of Trog.
  1835 | D:2      | Found a white marble altar of Elyvilon.
  2032 | D:2      | Found Gozag's Platinum Reserve.
  2033 | D:2      | Found an opulent altar of Gozag.
  2154 | D:2      | Noticed Crazy Yiuf
  2164 | D:2      | Killed Crazy Yiuf
  2164 | D:2      | Reached skill level 5 in Staves
  2403 | D:3      | Reached skill level 1 in Armour
  2593 | D:3      | Found a burning altar of Makhleb.
  2593 | D:3      | Found a glowing silver altar of Zin.
  2594 | D:3      | Noticed an angel
  2594 | D:3      | Noticed a balrug
  2645 | D:3      | Noticed a centaur
  2645 | D:3      | a worm changed into a centaur
  2648 | D:3      | Killed a centaur
  2648 | D:3      | Reached XP level 6. HP: 31/37 MP: 6/6
  3129 | D:4      | Reached *** piety under Uskayaw
  3285 | D:4      | Noticed a phantom
  3322 | D:5      | Entered Level 5 of the Dungeon
  3322 | D:5      | Found a staircase to the Ecumenical Temple.
  3331 | D:5      | Reached XP level 7. HP: 4/41 MP: 7/7
  3643 | D:5      | Reached skill level 6 in Staves
  3643 | D:5      | Reached **** piety under Uskayaw
  3648 | D:5      | Noticed Blork the orc
  3654 | D:5      | Reached skill level 5 in Dodging
  3654 | D:5      | Reached XP level 8. HP: 30/48 MP: 8/8
  3655 | D:5      | Reached ***** piety under Uskayaw
  3664 | D:5      | Reached ****** piety under Uskayaw
  3672 | D:5      | Killed Blork the orc
  3683 | D:5      | HP: 2/48 [poisoned by a scorpion]
  3685 | D:5      | Succumbed to a scorpion's poison

Vault maps used:
D:1:      evilmike_arrival_rings, serial_glass, glass_columns_a, glass_columns_a
D:2:      bloody_trog, old_standard_altar, elyvilon_altar_1,
          nicolae_gozag_zags_fifth_avenue, lemuel_blue_sif_altar, uniq_iyjb,
          uniq_crazy_yiuf_cottage, uniq_jessica
D:3:      grunt_temple_overflow_order_and_chaos_2, first_bread
D:5:      cheibrodos_ashenzari_chains, minmay_temple_entry_mist, serial_curves,
          eino_curves_02, eino_curves_04, basic_altar, corner_web_ring,
          uniq_blork_the_orc

Skill      XL: |  1  2  3  4  5  6  7 |
---------------+----------------------+-----
Staves         | 3 4 5 6 |  6.7
Armour         | 1 2 |  2.9
Fighting       | 3 4 |  4.4
Dodging        | 4 5 |  5.3
Throwing       | |  2.1

Action                   |  1- 3 |  4- 6 |  7- 9 || total
-------------------------+-------+-------+-------++-------
Melee: Quarterstaff      |    74 |   139 |    44 ||   257
Throw: Throwing net      |       |     1 |       ||     1
  Use: Potion            |       |     1 |     3 ||     4
       Scroll            |       |       |     2 ||     2
 Stab: Sleeping          |     3 |       |       ||     3
       Paralysed         |       |     2 |     4 ||     6
  Eat: Chunk             |     9 |     7 |       ||    16
Armor: Leather armour    |    20 |       |       ||    20
       Scale mail        |       |    49 |    10 ||    59
Dodge: Dodged            |    65 |    72 |    21 ||   158

Vault maps used:
D:1:      evilmike_arrival_rings, serial_glass, glass_columns_a, glass_columns_a
D:2:      bloody_trog, old_standard_altar, elyvilon_altar_1,
          nicolae_gozag_zags_fifth_avenue, lemuel_blue_sif_altar, uniq_iyjb,
          uniq_crazy_yiuf_cottage, uniq_jessica
D:3:      grunt_temple_overflow_order_and_chaos_2, first_bread
D:5:      cheibrodos_ashenzari_chains, minmay_temple_entry_mist, serial_curves,
          eino_curves_02, eino_curves_04, basic_altar, corner_web_ring,
          uniq_blork_the_orc
